 Dungeon Crawl Stone Soup version 0.27.1-4-g1640c2035a (webtiles) character file.

Game seed: 5211117257548141070

4 Descartes the Shield-Bearer (level 1, 2/18 HPs)
             Began as a Formicid Fighter on Nov 17, 2021.
             Got out of the dungeon alive.
             The game lasted 00:01:50 (330 turns).

Descartes the Shield-Bearer (Formicid Fighter)       Turns: 330, Time: 00:01:51

Health: 2/18       AC:  6    Str: 20    XL:     1   Next: 77%
Magic:  1/1        EV:  8    Int:  7    God:
Gold:   16         SH:  9    Dex: 10    Spells: 0/0 levels left

rFire    . . .     SeeInvis +   a - +0 long sword
rCold    . . .     Faith    .   c - +0 kite shield
rNeg     . . .     Spirit   .   b - +0 scale mail
rPois    .         Reflect  .   (helmet unavailable)
rElec    .         Harm     .   (no cloak)
rCorr    .         Rampage  .   (no gloves)
Will     .....                  (no boots)
Stlth    ..........             (no amulet)
HPRegen  0.06/turn              (no ring)
MPRegen  0.07/turn              (no ring)

@: no status effects
A: permanent stasis, dig shafts and tunnels, antennae 3, four strong arms
a: Dig, Shaft Self


You escaped.
You visited 1 branch of the dungeon, and saw 1 of its levels.

You collected 16 gold pieces.

Inventory:

Hand Weapons
 a - a +0 long sword (weapon)
Armour
 b - a +0 scale mail (worn)
 c - a +0 kite shield (worn)
Scrolls
 e - a scroll of fear {unknown}
Potions
 d - a potion of might


   Skills:
 - Level 3.2 Fighting
 - Level 2.0 Long Blades
 - Level 3.2 Armour
 + Level 4.1 Shields


You couldn't memorise any spells.
You didn't know any spells.
Your spell library was empty.

Dungeon Overview and Level Annotations

Branches:
Dungeon (1/15)

Altars:
The Shining One


Innate Abilities, Weirdness & Mutations

You cannot be hasted, slowed, berserked, paralysed or teleported.
You can dig through walls and to a lower floor.
You have a pair of large antennae on your head. (SInv)
Your four strong arms can wield two-handed weapons with a shield.


Message History

You block the bat's attack. The bat hits you but does no damage.
The bat hits you but does no damage. The bat barely misses you.
The bat hits you but does no damage.
You see here a frilled lizard corpse.
You block the bat's attack.
Found 16 sling bullets and 11 gold pieces.
You block the bat's attack.
Found a cloak.
You block the bat's attack. You block the bat's attack. The bat hits you.
* * * LOW HITPOINT WARNING * * *
You block the bat's attack. You block the bat's attack.
You block the bat's attack. x2
You block the bat's attack. The bat hits you but does no damage.
You block the bat's attack. The bat hits you but does no damage.
You block the bat's attack. The bat hits you but does no damage.
The bat hits you but does no damage. The bat hits you but does no damage.
The bat hits you but does no damage. The bat barely misses you.
You block the bat's attack. The bat barely misses you.
You block the bat's attack. The bat hits you but does no damage.
You block the bat's attack.
You see here a +0 robe.
The bat barely misses you.
A bat is nearby!
You block the bat's attack. You block the bat's attack.
The bat closely misses you. You block the bat's attack.
There is a staircase leading out of the dungeon here.
Are you sure you want to leave the Dungeon?
This will make you lose the game! The bat hits you but does no damage.
You have escaped!

.#.##.
.# # #.#
.. #. [#
###.# .#
#...#
#.#.#
#.###
##.##
#♣♣#♣[#
#♣..♣g♣#
♣@bg.♣#
#♣♣#♣.#
.# ## {


You could see a gnoll, a goblin and a bat.

Vanquished Creatures
  A goblin (D:1)
  A ball python (D:1)
  3 frilled lizards (D:1)
  A kobold (D:1)
6 creatures vanquished.

Notes
Turn   | Place    | Note
-------+----------+-------------------------------------------
     0 | D:1      | Descartes the Formicid Fighter began the quest for the Orb.
     0 | D:1      | Reached XP level 1. HP: 18/18 MP: 1/1
    26 | D:1      | Found a faded altar of an unknown god.
   170 | D:1      | Became a worshipper of the Shining One
   170 | D:1      | Reached * piety under the Shining One
   171 | D:1      | Fell from the grace of the Shining One
   212 | D:1      | Reached skill level 4 in Shields
   330 | D:$      | Got out of the dungeon alive.

Illustrated notes

Levels and vault maps discovered:
D:1:      pf_arrival_petrified_forest, layout_loops_ring,
          ebering_ecumenical_altar_mist, minmay_three_crescents

Skill      XL: |  1 |
---------------+----+-----
Shields        | 4 |  4.1
Fighting       | |  3.2
Long Blades    | |  2.0
Armour         | |  3.2

Action                   || total
-------------------------++-------
Melee: Long sword        ||    26
Invok: Renounce Religion ||     1
 Abil: Dig               ||     1
Armor: Scale mail        ||    19
Dodge: Dodged            ||    15
Block: Kite shield       ||    35
       Rpst.: Long sword ||     5
